 Dungeon Crawl Stone Soup version 0.31.0-11-ge490571c62 (webtiles) character file.

Game seed: 11725446326906903021

238531 monsoonserge the Marksspriggan (level 18, -4/106 HPs)
             Began as a Spriggan Hexslinger on Jan 29, 2024.
             Was an Initiate of Gozag.
             Hit by a javelin thrown by a merfolk javelineer (28 damage)
             ... on level 4 of the Shoals on Jan 30, 2024.
             The game lasted 03:34:33 (34147 turns).

monsoonserge the Marksspriggan (SpHs)              Turns: 34147, Time: 03:34:34

Health: -4/106     AC:  7    Str:  3    XL:     18   Next: 13%
Magic:  31/31      EV: 33    Int: 19    God:    Gozag
Gold:   3171       SH: 14    Dex: 21    Spells: 12/34 levels left

rFire   + + .        S - +5 hand cannon (freeze)
rCold   + . .        R - +1 buckler {rPois}
rNeg    + + +        a - +0 robe {rC+ rF+}
rPois   +            k - +0 hat of Parlour Games {*Slow rElec rN+++ rCorr}
rElec   +            v - +2 ratskin cloak {*Rats rPois rN+ Str-1 Int-1 Dex+1}
rCorr   +            (gloves unavailable)
SInv    +            (boots unavailable)
Will    +++..        W - amulet of reflection
Stlth   ++++         F - ring of flight
HPRegen 0.37/turn    K - ring of the Octopus King {rF+ HP+2 AC+2 EV+2 SH+2}
MPRegen 0.22/turn

%: slow self (1%), reflection
@: marked, gold aura, flying, very quick
A: very small, no large weapons, unfitting armour, see invisible, speed 3
}: 1/15 runes: gossamer
a: Renounce Religion, Potion Petition, Call Merchant, Bribe Branch


You were on level 4 of the Shoals.
You worshipped Gozag.
Gozag was most pleased with you.
You visited 6 branches of the dungeon, and saw 31 of its levels.
You also visited: Ossuary.

You collected 13213 gold pieces.
You spent 4617 gold pieces at shops.
You paid 5425 gold pieces to Gozag.

Inventory:

Hand Weapons
 S - a +5 hand cannon of freezing (weapon)
Missiles
 q - 4 throwing nets
 Y - 3 curare-tipped darts
Armour
 a - a +0 robe of resistance (worn)
 k - the +0 hat of Parlour Games (worn) {*Slow rElec rN+++ rCorr}
   (You found it on level 4 of the Spider Nest)

   rElec:     It insulates you from electricity.
   rN+++:     It renders you almost immune to negative energy.
   rCorr:     It protects you from acid and corrosion.
   *Slow:     It may slow you when you take damage.
 v - the +2 ratskin cloak (worn) {*Rats rPois rN+ Str-1 Int-1 Dex+1}
   (You found it on level 3 of the Dungeon)

   *Rats:     When the wearer is hurt, rats may emerge from it to assist them.
   Str-1:     It affects your strength (-1).
   Int-1:     It affects your intelligence (-1).
   Dex+1:     It affects your dexterity (+1).
   rPois:     It protects you from poison rN+: It protects you from negative
   energy.
 D - a +1 hat of willpower
 N - a scarf of resistance
 R - a +1 buckler of poison resistance (worn)
Jewellery
 u - a ring of the Octopus King {HP+2 AC+2 EV+2 SH+2 SInv}
   (You found it on level 15 of the Dungeon)

   [ring of see invisible]

   AC+2:      It affects your AC (+2).
   EV+2:      It affects your evasion (+2).
   HP+2:      It affects your health (+2).
   SInv:      It lets you see invisible.
   SH+2:      It affects your SH (+2).
 F - a ring of flight (left hand)
 G - a ring of resist corrosion
 K - a ring of the Octopus King (right hand) {rF+ HP+2 AC+2 EV+2 SH+2}
   (You bought it in a shop on level 2 of the Orcish Mines)

   [ring of protection from fire]

   AC+2:      It affects your AC (+2).
   EV+2:      It affects your evasion (+2).
   rF+:       It protects you from fire.
   HP+2:      It affects your health (+2).
   SH+2:      It affects your SH (+2).
 W - an amulet of reflection (around neck)
Wands
 m - a wand of iceblast (23)
 t - a wand of polymorph (26)
 C - a wand of quicksilver (10)
 J - a wand of mindburst (23)
 M - a wand of paralysis (22)
 P - a wand of flame (57)
Scrolls
 b - 4 scrolls of poison
 d - 6 scrolls of vulnerability
 e - 12 scrolls of fear
 f - 8 scrolls of revelation {unknown}
 g - 8 scrolls of enchant armour
 h - 7 scrolls of teleportation
 i - 5 scrolls of blinking
 j - 2 scrolls of silence
 l - 3 scrolls of torment
 s - 6 scrolls of fog
 H - 2 scrolls of summoning
 L - 3 scrolls of immolation {unknown}
 U - a scroll of amnesia
 X - 2 scrolls of brand weapon {unknown}
Potions
 c - 5 potions of cancellation
 n - 3 potions of brilliance
 p - 12 potions of curing
 r - 6 potions of lignification
 w - 5 potions of invisibility
 z - 4 potions of enlightenment
 A - 5 potions of mutation
 B - 2 potions of resistance
 E - 7 potions of haste {unknown}
 I - 4 potions of heal wounds
 Q - 2 potions of attraction {unknown}
 V - 8 potions of ambrosia
Miscellaneous
 o - a phantom mirror
 x - a phial of floods
 y - a box of beasts
 T - a lightning rod (4/4)
 Z - a tin of tremorstones (2/2)


   Skills:
 + Level 15.1 Fighting
 - Level 18.0 Ranged Weapons
 + Level 15.7 Dodging
 + Level 6.9 Stealth
 * Level 6.0 Shields
 + Level 8.8 Spellcasting
 + Level 14.4 Hexes
 - Level 8.0 Translocations
 - Level 1.0 Fire Magic
 - Level 5.0 Alchemy
 + Level 10.0 Evocations


You had 12 spell levels left.
You knew the following spells:

 Your Spells              Type           Power      Damage    Failure   Level
a - Jinxbite              Hex            100%       N/A       1%          2
b - Inner Flame           Hex/Fire       37%        N/A       1%          3
c - Cause Fear            Hex            29%        N/A       1%          4
d - Dimensional Bullseye  Hex/Tloc       25%        N/A       1%          4
e - Passage of Golubria   Tloc           38%        N/A       6%          4
f - Yara's Violent Unrav  Hex/Alch       22%        3d10      8%          5

Your spell library contained the following spells:

 Spells                   Type           Power      Damage    Failure   Level
 Gell's Gravitas          Tloc           38%        N/A       1%          3
 Sigil of Binding         Hex            58%        N/A       1%          3
 Teleport Other           Tloc           38%        N/A       1%          3
 Tukima's Dance           Hex            58%        N/A       1%          3
 Manifold Assault         Tloc           38%        N/A       6%          4
 Mercury Vapours          Alch/Air       34%        N/A       9%          2
 Cigotuvi's Dreadful Rot  Necr/Alch/Air  28%        N/A       12%         2
 Necrotise                Necr           32%        1d5       16%         1
 Sandblast                Erth           16%        2d6       16%         1
 Shock                    Conj/Air       32%        1d5       16%         1
 Mephitic Cloud           Conj/Alch/Air  14%        N/A       24%         3
 Vhi's Electric Charge    Tloc/Air       46%        N/A       30%         4
 Ignite Poison            Fire/Alch      19%        N/A       41%         4
 Fugue of the Fallen      Necr           8%         N/A       43%         3
 Hailstorm                Conj/Ice       8%         3d5       43%         3
 Ozocubu's Armour         Ice            8%         N/A       43%         3
 Passwall                 Erth           8%         N/A       43%         3
 Stone Arrow              Conj/Erth      16%        3d8       43%         3
 Summon Ice Beast         Ice/Summ       8%         N/A       43%         3
 Swiftness                Air            8%         N/A       43%         3
 Vampiric Draining        Necr           8%         2d6       43%         3
 Leda's Liquefaction      Alch/Erth      8%         N/A       50%         4
 Dispersal                Tloc           19%        N/A       65%         6
 Airstrike                Air            4%         2d(1-17)  83%         4
 Brom's Barrelling Bould  Conj/Erth      8%         2d3       83%         4
 Martyr's Knell           Necr/Summ      8%         N/A       83%         4
 Arcjolt                  Conj/Air       4%         1d14      99%         5
 Curse of Agony           Necr           8%         N/A       99%         5
 Freezing Cloud           Conj/Ice/Air   4%         6-21      99%         5
 Lee's Rapid Deconstruct  Erth           4%         3d5*      99%         5
 Bombard                  Conj/Erth      4%         9d2       100%        6
 Sculpt Simulacrum        Ice/Alch       8%         N/A       100%        6
 Haunt                    Necr/Summ      4%         N/A       100%        7
 Infestation              Necr           4%         N/A       100%        8
 Maxwell's Capacitive Co  Air            4%         ∞         100%        8
 Animate Dead             Necr           Unusable   N/A       N/A         4

Dungeon Overview and Level Annotations

Branches:
Dungeon (15/15)            Temple (1/1) D:5            Lair (5/5) D:8
 Shoals (4/4) Lair:2       Spider (4/4) Lair:3        Slime (0/5) Lair:4
    Orc (2/2) D:9             Elf (0/3) Orc:2        Vaults (0/5) D:14
 Depths (0/4) D:15        Ossuary (visited)

Altars:
Ashenzari
Cheibriados
Dithmenos
Elyvilon
Fedhas
Gozag
Hepliaklqana
Kikubaaqudgha
Makhleb
Nemelex Xobeh
Okawaru
Qazlal
Ru
Sif Muna
Trog
Uskayaw
Vehumet
Wu Jian
Xom
Yredelemnul
Zin
The Shining One
Jiyva

Shops:
D:8 *[**   D:10 ?!(*[   Orc:1 :   Orc:2 *=[   Lair:2 [[   Shoals:2 *

Portals:
Pandemonium: Orc:2
Trove: D:13 (show slimy rune of Zot)

Annotations:
Lair:4 1 runed translucent door
Shoals:4 Mara


Innate Abilities, Weirdness & Mutations

You are very small and have problems with some larger weapons.
You are too small for most types of armour.
You have supernaturally acute eyesight. (SInv)
You cover ground extremely quickly. (Speed+++)


Message History

The javelin pierces through you.
A river rat scurries out from under your cloak.
The javelin pierces through the plant!!
The snapping turtle completely misses you.
Fire: S) +5 hand cannon (freeze)
Press: ? - help, Q - select action, (/) - cycle Shift-Dir - straight line, f - merfolk javelineer, p - merfolk
Aim: a merfolk javelineer, wielding a +0 spear, wearing a +0 leather armour and quivering javelins (74% to hit)
You shoot a bolt. The bolt hits the merfolk javelineer!!
The bolt freezes the merfolk javelineer!
The merfolk javelineer is severely wounded.
The merfolk javelineer throws a javelin.
The javelin completely misses you.
The javelin pierces through the plant!!
Your river rat bites the snapping turtle but does no damage.
The merfolk javelineer throws a javelin.
The javelin misses you.
The javelin completely misses the plant.
You block the snapping turtle's attack.
Fire: S) +5 hand cannon (freeze)
Press: ? - help, Q - select action, (/) - cycle Shift-Dir - straight line, f/p - merfolk javelineer
Aim: a merfolk javelineer, wielding a +0 spear, wearing a +0 leather armour and quivering javelins (severely wounded, 74% to hit)
You shoot a bolt. The bolt hits the merfolk javelineer.
The bolt freezes the merfolk javelineer.
The merfolk javelineer is severely wounded.
The merfolk is no longer distracted by gold.
The merfolk closely misses you.
Your river rat bites the snapping turtle but does no damage.
Your river rat bites the merfolk.
The merfolk javelineer throws a javelin.
The javelin pierces through you!!
* * * LOW HITPOINT WARNING * * *
A river rat scurries out from under your cloak.
The javelin pierces through the plant!!
A nearby plant withers and dies.
You block the merfolk's attack.
The snapping turtle completely misses you.
Your river rat bites the snapping turtle but does no damage.
Your river rat misses the merfolk.
The merfolk javelineer throws a javelin.
The javelin pierces through you!!
You die...
Your body crumbles into a pile of gold.

~~~~~~~~~~~~#
?~~~~~~~~~~~#
~.~~~..~~~.~#
~~~P~~~~~~..##
~~.~P~~~~~~.~##
~.P.~t~$r~~~~.#
..P.PrP.~~~....
#PPP$@°~~....
##P~~○○≈≈~~..
..P.~mr≈≈≈≈≈≈~~
.~m~≈≈≈≈≈≈≈≈~~~
..~~P≈≈≈≈≈≈≈~~.
..~~P≈≈≈≈≈≈≈≈~.
.~~P≈≈≈≈≈≈≈≈≈~.
.≈≈≈≈≈≈≈≈≈≈≈≈~.


You could see a merfolk javelineer (ally target), a snapping turtle (ally
target), a merfolk (ally target) and 3 friendly river rats.

Vanquished Creatures
  Frances (Spider:2)
  5 emperor scorpions
  2 ghost moths
  The ghost of Ikly the Bludgeoner, a journeyman GrFi of Okawaru (Spider:3)
  3 broodmothers
  A dire elephant (Lair:4)
  2 spark wasps
  Snorg (D:10)
  A merfolk javelineer (Shoals:2)
  An ettin (Orc:2)
  4 entropy weavers
  A merfolk impaler (Shoals:2)
  2 rakshasas
  3 demonspawn (Orc:2)
  Harold (Lair:2)
  7 centaur warriors
  2 catoblepae
  4 vault guards (D:14)
  A jorogumo (Spider:3)
  An ogre mage (D:15)
  A merfolk aquamancer (Shoals:2)
  A death knight (D:11)
  5 hydras
  An alligator snapping turtle (Shoals:3)
  2 radroaches
  4 satyrs
  6 boulder beetles
  The ghost of AutarchDCSS the Cleaver, a novice HOGl of Yredelemnul (D:10)
  6 death yaks
  14 two-headed ogres
  5 orc high priests (Orc:2)
  2 tengu warriors
  9 demonic crawlers
  Urug (Lair:4)
  A soul eater (Orc:2)
  A fire crab (Lair:3)
  4 skysharks
  A sixfirhy (Orc:2)
  5 spectral ghost moths (Spider:3)
  4 sun moths
  3 sea snakes (Shoals:3)
  5 pharaoh ants
  An arcanist (D:9)
  A spectral jorogumo (Spider:3)
  4 steelbarb worms
  9 orb spiders
  4 orc knights
  4 harpies (Shoals:2)
  A necromancer (D:15)
  5 deep elf pyromancers
  15 ugly things
  24 wolf spiders
  10 manticores
  4 moths of wrath
  13 cyclopes
  7 fauns
  9 orc sorcerers
  8 kobold blastminers
  The ghost of pigah the Mimic, a novice OpSh of Gozag (D:5)
  8 black mambas
  A rust devil (Orc:2)
  2 merfolk sirens
  17 elephants
  3 meliai (Spider:3)
  3 water nymphs (Shoals:3)
  8 cane toads
  6 torpor snails
  An unseen horror (D:12)
  An efreet (D:14)
  2 unseen horrors (shapeshifter)
  A freezing wraith (D:15)
  2 kobold demonologists (D:12)
  4 tengu conjurers
  7 komodo dragons
  An ice devil (Orc:2)
  2 rime drakes (Lair:1)
  A troll (shapeshifter) (D:14)
  13 merfolk
  A red devil (Orc:2)
  6 polar bears
  6 hornets
  9 trolls
  4 wind drakes
  19 tarantellas
  A jorogumo simulacrum (Spider:3)
  14 blink frogs
  5 snapping turtles
  2 broodmother simulacra (Spider:3)
  12 dream sheep
  2 centaur simulacra (D:15)
  14 slime creatures
  5 water elementals
  The ghost of LoggersVIII the Sneak, an amateur OpEE of the Shining One (D:4)
  3 wraiths
  A spriggan (shapeshifter) (D:12)
  28 jumping spiders
  5 shadows
  2 vampires
  20 culicivoras
  12 spriggans (Lair:5)
  7 wyverns
  8 basilisks
  33 redbacks
  58 yaks
  A warg (shapeshifter) (D:13)
  12 vampire mosquitoes
  A chaos spawn (Orc:2)
  13 water moccasins
  An acid dragon (D:12)
  33 orc warriors
  3 ice beasts
  2 laughing skulls (D:14)
  2 black bears (Lair:5)
  A sky beast (D:6)
  24 wolves
  4 boggarts (Lair:5)
  8 ogres
  7 centaurs
  A phantom (D:7)
  6 kobold brigands
  Blork the orc (D:6)
  2 elf zombies (D:4)
  18 bullfrogs
  An elf skeleton (D:4)
  2 gnoll sergeants (D:9)
  3 scorpions
  13 wights
  3 killer bees (D:10)
  7 electric eels
  12 howler monkeys
  A vampire bat (D:3)
  A bombardier beetle (D:5)
  4 bullfrog zombies (Ossuary)
  A human zombie (D:4)
  22 orc priests
  A gnoll bouda (D:9)
  8 hounds
  2 jellies
  15 orc wizards
  Terence (D:2)
  3 human skeletons (D:4)
  3 iguanas
  3 sleepcaps
  A boggart zombie (D:15)
  2 killer bee zombies (Ossuary)
  2 crocodile zombies (Ossuary)
  2 hound zombies (Ossuary)
  4 mummies (Ossuary)
  3 howler monkey zombies (Ossuary)
  10 gnolls
  4 adders
  A shadow imp (D:7)
  3 dart slugs
  3 fire bats (D:3)
  A ribbon worm (D:3)
  70 orcs
  A spectral bat (D:3)
  7 ball pythons
  11 bats
  3 bat skeletons (D:3)
  A bat zombie (D:3)
  9 endoplasms
  3 giant cockroaches
  8 goblins
  5 hobgoblins
  13 kobolds
  7 quokkas
  7 ball python zombies (Ossuary)
  A bat simulacrum (D:3)
  3 frilled lizards
  An orc skeleton (D:4)
  An orc zombie (D:4)
  6 rats
1046 creatures vanquished.

Vanquished Creatures (collateral kills)
  A centaur warrior (D:14)
  A steelbarb worm (Lair:3)
  2 ugly things (D:15)
  Maggie (D:8)
  A snapping turtle (Shoals:1)
  2 culicivoras (Lair:3)
  A slime creature (D:11)
  A redback (Spider:2)
  2 acid dragons
  An ogre (D:8)
  A killer bee (D:10)
  An electric eel (D:8)
  A hound (D:6)
  A human skeleton (D:4)
  A hound zombie (Ossuary)
  2 gnolls (D:6)
  An orc (D:8)
  2 ball python zombies (Ossuary)
  An orc skeleton (D:4)
24 creatures vanquished.

Vanquished Creatures (others)
  A wolf spider (Spider:3)
  A spectral bat (D:3)
2 creatures vanquished.

Grand Total: 1072 creatures vanquished

Notes
Turn   | Place    | Note
-------+----------+-------------------------------------------
     0 | D:1      | monsoonserge the Spriggan Hexslinger began the quest for
                  | the Orb.
     0 | D:1      | Reached XP level 1. HP: 9/9 MP: 3/3
     6 | D:1      | Found a shimmering altar of Xom.
   103 | D:1      | Reached XP level 2. HP: 14/14 MP: 5/5
   761 | D:2      | Identified the +7 short sword of Honour {freeze, rF+ rC+
                  | Str-4}
   770 | D:2      | Reached XP level 3. HP: 17/17 MP: 6/6
   773 | D:2      | Learned a level 2 spell: Jinxbite
   792 | D:2      | Reached skill level 3 in Ranged Weapons
   876 | D:2      | Reached skill level 1 in Fighting
  1020 | D:2      | Noticed Terence
  1036 | D:2      | Killed Terence
  1410 | D:3      | Noticed a scorpion
  1418 | D:3      | Killed a scorpion
  1419 | D:3      | Reached skill level 4 in Ranged Weapons
  1419 | D:3      | Reached XP level 4. HP: 22/22 MP: 4/7
  1423 | D:3      | Learned a level 3 spell: Inner Flame
  1516 | D:3      | Reached XP level 5. HP: 24/25 MP: 5/8
  1627 | D:3      | Reached skill level 5 in Ranged Weapons
  1775 | D:3      | Reached XP level 6. HP: 29/30 MP: 9/9
  1898 | D:3      | Found the +2 ratskin cloak {*Rats rPois rN+ Str-1 Int-1
                  | Dex+1}
  2270 | D:4      | Reached skill level 1 in Fire Magic
  2270 | D:4      | Reached skill level 1 in Evocations
  2456 | D:4      | Reached XP level 7. HP: 25/35 MP: 11/11
  2472 | D:4      | Reached skill level 6 in Ranged Weapons
  2472 | D:4      | Reached skill level 1 in Stealth
  2601 | D:4      | Found a sand-covered staircase.
  2612 | Ossuary  | Entered an ossuary
  2687 | Ossuary  | Reached skill level 7 in Ranged Weapons
  2810 | Ossuary  | Reached XP level 8. HP: 36/40 MP: 12/12
  3127 | D:4      | Found a large runed translucent door.
  3128 | D:4      | Found a large runed translucent door.
  3129 | D:4      | Noticed LoggersVIII's ghost (amateur OpEE)
  3595 | D:5      | Entered Level 5 of the Dungeon
  3697 | D:5      | Found a hazy altar of Hepliaklqana.
  3733 | D:5      | Reached skill level 5 in Dodging
  3837 | D:5      | Found a staircase to the Ecumenical Temple.
  3850 | D:5      | Reached skill level 8 in Ranged Weapons
  3853 | Temple   | Entered the Ecumenical Temple
  3861 | Temple   | Became a worshipper of Gozag Ym Sagoz the Greedy
  4341 | D:5      | Found a runed translucent gate.
  4342 | D:5      | Found a runed translucent gate.
  4343 | D:5      | Found a runed translucent gate.
  4343 | D:5      | Noticed pigah's ghost (novice OpSh)
  4429 | D:4      | Killed LoggersVIII's ghost
  4838 | D:6      | Noticed Blork the orc
  4848 | D:6      | Killed Blork the orc
  4922 | D:6      | Found a basalt altar of Yredelemnul.
  4926 | D:6      | Found a sparkling altar of Nemelex Xobeh.
  4950 | D:6      | Identified the +8 war axe of Gyberued {freeze, rCorr}
  4957 | D:6      | Reached skill level 5 in Hexes
  4969 | D:6      | Reached skill level 9 in Ranged Weapons
  4978 | D:6      | Reached XP level 9. HP: 38/45 MP: 10/14
  5163 | D:6      | Found a stormy altar of Qazlal.
  5732 | D:7      | Reached skill level 10 in Ranged Weapons
  5967 | D:7      | Learned a level 4 spell: Cause Fear
  6891 | D:8      | Reached skill level 11 in Ranged Weapons
  6961 | D:8      | Noticed a two-headed ogre
  6963 | D:8      | Noticed a troll
  6985 | D:8      | Killed a two-headed ogre
  6986 | D:8      | Reached skill level 5 in Fighting
  6986 | D:8      | Reached XP level 10. HP: 51/51 MP: 7/15
  7053 | D:8      | Noticed Maggie
  7063 | D:8      | Killed Maggie
  7258 | D:8      | Reached skill level 12 in Ranged Weapons
  7466 | D:8      | Found a staircase to the Lair.
  8399 | D:9      | Noticed a green ugly thing
  8537 | D:8      | Killed a green ugly thing
  8586 | D:8      | Reached skill level 13 in Ranged Weapons
  8844 | D:9      | Found a staircase to the Orcish Mines.
  9236 | D:9      | Noticed a two-headed ogre
  9245 | D:9      | Noticed a centaur warrior
  9246 | D:9      | Reached XP level 11. HP: 56/56 MP: 16/16
  9713 | D:9      | Noticed a centaur warrior
  9784 | Lair:1   | Entered Level 1 of the Lair of Beasts
 10187 | Lair:1   | Reached skill level 14 in Ranged Weapons
 10801 | Lair:1   | Found a blossoming altar of Fedhas.
 11438 | Lair:2   | Reached skill level 15 in Ranged Weapons
 11524 | Lair:2   | Noticed Harold
 12027 | Lair:3   | Reached XP level 12. HP: 61/61 MP: 17/17
 12128 | Lair:3   | Found a hole to the Spider Nest.
 12215 | Lair:3   | Reached skill level 16 in Ranged Weapons
 12852 | Spider:1 | Entered Level 1 of the Spider Nest
 12928 | Lair:4   | Noticed a death yak
 12929 | Lair:4   | Noticed a death yak
 12929 | Lair:4   | Noticed a death yak
 13013 | Lair:4   | Noticed Urug
 13029 | Lair:4   | Killed Urug
 13285 | Lair:4   | Reached skill level 5 in Evocations
 13490 | Lair:4   | Noticed a catoblepas
 13584 | Lair:4   | Killed a catoblepas
 13585 | Lair:4   | Reached skill level 10 in Hexes
 13597 | Lair:5   | Entered Level 5 of the Lair of Beasts
 13721 | Lair:5   | Reached XP level 13. HP: 48/69 MP: 18/20
 13885 | Lair:5   | Noticed a dire elephant
 13985 | Lair:4   | Killed a dire elephant
 14183 | Lair:5   | Reached skill level 10 in Dodging
 14562 | Lair:5   | Reached skill level 10 in Fighting
 14672 | Lair:5   | Got an earthy gem with 415 turns to spare
 14919 | Lair:2   | Killed Harold
 15014 | Lair:2   | Found a staircase to the Shoals.
 15629 | Lair:3   | Learned a level 4 spell: Dimensional Bullseye
 15712 | Lair:3   | Reached skill level 1 in Translocations
 15732 | Lair:3   | Reached XP level 14. HP: 72/77 MP: 18/21
 16281 | Lair:4   | Found a runed translucent door.
 16281 | Lair:4   | Found a viscous altar of Jiyva.
 16619 | Lair:4   | Found a staircase to the Slime Pits.
 16872 | Lair:4   | Noticed an acid blob
 18074 | D:5      | Killed pigah's ghost
 18632 | D:10     | Entered Level 10 of the Dungeon
 18665 | D:10     | Found a runed translucent door.
 18665 | D:10     | Noticed AutarchDCSS's ghost (novice HOGl)
 18665 | D:10     | Noticed Snorg
 18671 | D:10     | Killed Snorg
 18672 | D:10     | Reached skill level 5 in Stealth
 18677 | D:10     | Found Debomuv's Weapon Shop.
 18695 | D:10     | Found Egoleic's General Store.
 18722 | D:10     | Bought 3 curare-tipped darts for 54 gold pieces
 18722 | D:10     | Bought a tin of tremorstones (2/2) for 600 gold pieces
 18732 | D:10     | Found Xuamaag's Armour Emporium.
 18898 | D:10     | Found Kyalax's Distillery.
 18927 | D:10     | Bought a potion of ambrosia for 80 gold pieces
 18927 | D:10     | Bought a potion of curing for 30 gold pieces
 19137 | D:12     | Identified the +3 trident "Rott" {speed, rC++ rN+}
 19811 | D:13     | Learned a level 4 spell: Passage of Golubria
 19938 | D:14     | Reached skill level 5 in Translocations
 19938 | D:14     | Reached XP level 15. HP: 75/85 MP: 22/22
 19965 | D:15     | Entered Level 15 of the Dungeon
 20282 | D:15     | Reached skill level 5 in Spellcasting
 20327 | D:15     | Found a staircase to the Depths.
 20330 | D:15     | Got a smoky gem with 638 turns to spare
 20639 | D:11     | Identified the +7 short sword "Dexinluw" {freeze, Will+
                  | Stlth+}
 20913 | D:10     | Found Goaxtey's Magic Scroll Shoppe.
 20917 | D:10     | Bought a scroll of summoning for 133 gold pieces
 21125 | D:11     | Learned a level 5 spell: Yara's Violent Unravelling
 21757 | D:11     | Reached skill level 1 in Alchemy
 22464 | D:13     | Found a portal to a secret trove of treasure.
 23015 | D:14     | Identified the +9 dagger "Iwnuhyn" {freeze, ^Contam Dex+4}
 23248 | D:14     | Found a gate to the Vaults.
 24137 | D:15     | Found a shimmering blue altar of Sif Muna.
 24145 | D:15     | Found the ring of the Octopus King
 24152 | D:15     | Identified a ring of the Octopus King {HP+2 AC+2 EV+2 SH+2
                  | SInv}
 24628 | D:10     | Killed AutarchDCSS's ghost
 24681 | Orc:1    | Entered Level 1 of the Orcish Mines
 24790 | Orc:1    | Found Uwnadel's Self-Improvement Boutique.
 25091 | Orc:1    | Found a burning altar of Makhleb.
 25315 | Orc:2    | Entered Level 2 of the Orcish Mines
 25369 | Orc:2    | Found a staircase to the Elven Halls.
 25644 | Orc:2    | Reached XP level 16. HP: 93/93 MP: 26/26
 26088 | Orc:2    | Found Umoiruc's General Store.
 26200 | Orc:2    | Found Zeixtiz's General Store.
 26720 | Orc:2    | Found Naoneg's Antique Armour Emporium.
 26720 | Orc:2    | Found Jolluvor's Jewellery Shoppe.
 26721 | Orc:2    | Found a one-way gate leading to the halls of Pandemonium.
 26727 | Orc:2    | Bought a runed robe for 74 gold pieces
 26733 | Orc:2    | Bought a ring of the Octopus King {rF+ HP+2 AC+2 EV+2 SH+2}
                  | for 798 gold pieces
 26733 | Orc:2    | Found the ring of the Octopus King {rF+ HP+2 AC+2 EV+2
                  | SH+2}
 26991 | D:8      | Bought a smoky orange potion for 24 gold pieces
 26991 | D:8      | Bought a scroll labelled MIRUUTEL CEOD for 27 gold pieces
 26991 | D:8      | Bought a golden potion for 24 gold pieces
 26993 | D:8      | Bought a bloodstained shortbow for 216 gold pieces
 26993 | D:8      | Identified the +7 shortbow of Conscience {freeze, rElec rC+
                  | Str+2} (You bought it in a shop on level 8 of the Dungeon)
 27000 | D:8      | Bought a phantom mirror for 1080 gold pieces
 27004 | D:8      | Bought a potion of heal wounds for 55 gold pieces
 27307 | Lair:3   | Reached skill level 1 in Shields
 27606 | Lair:3   | Reached skill level 17 in Ranged Weapons
 27981 | Lair:3   | Reached skill level 10 in Evocations
 28405 | Spider:2 | Noticed Frances
 28491 | Spider:4 | Entered Level 4 of the Spider Nest
 28931 | Spider:3 | Reached skill level 5 in Alchemy
 29106 | Spider:2 | Reached XP level 17. HP: 92/98 MP: 28/28
 29629 | Spider:4 | Identified the +0 hat of Parlour Games {*Slow rElec rN+++
                  | rCorr}
 29642 | Spider:4 | Got a gossamer rune of Zot
 29651 | Spider:4 | Got a milky-white gem with 1091 turns to spare
 30036 | Spider:2 | Killed Frances
 30037 | Spider:2 | Reached skill level 18 in Ranged Weapons
 30487 | Spider:2 | You fall into a shaft and drop 1 floor!
 31108 | Spider:3 | Identified 2 scrolls of acquirement
 31110 | Spider:3 | Acquired 776 gold pieces
 31112 | Spider:3 | Acquired 1259 gold pieces
 31159 | Spider:3 | Found a runed translucent gate.
 31159 | Spider:3 | Found a runed translucent gate.
 31159 | Spider:3 | Found a runed translucent gate.
 31166 | Spider:3 | Noticed Ikly's ghost (journeyman GrFi)
 31182 | Spider:3 | Reached skill level 15 in Dodging
 32045 | Spider:3 | Reached skill level 5 in Shields
 32048 | Spider:3 | Killed Ikly's ghost
 32249 | Shoals:1 | Entered Level 1 of the Shoals
 32444 | Lair:2   | Bought a slimy cloak for 408 gold pieces
 32444 | Lair:2   | Identified the +1 cloak of Ashenzari's Reproof {Str-4
                  | Dex+4} (You bought it in a shop on level 2 of the Lair of
                  | Beasts)
 32444 | Lair:2   | Bought an embroidered robe for 159 gold pieces
 32498 | Lair:2   | Bought an embroidered robe for 99 gold pieces
 32500 | Lair:2   | Bought a glowing robe for 99 gold pieces
 32500 | Lair:2   | Bought a runed robe for 99 gold pieces
 32855 | Shoals:2 | Found Emoad's Assorted Antiques.
 32868 | Shoals:2 | Bought a scroll labelled IPOUME GYFI for 18 gold pieces
 33075 | Shoals:3 | Reached skill level 15 in Fighting
 33075 | Shoals:3 | Reached XP level 18. HP: 84/104 MP: 22/31
 33240 | Shoals:4 | Entered Level 4 of the Shoals
 33271 | Shoals:4 | Noticed Mara
 33273 | Shoals:4 | Noticed monsoonserge's illusion
 33558 | Orc:2    | Bought an amulet of reflection for 540 gold pieces
 34147 | Shoals:4 | Hit by a javelin thrown by a merfolk javelineer

Illustrated notes

Levels and vault maps discovered:
D:1:      sevenhm_arrival_forest_fort_small_6, layout_loops_ring
D:2:      layout_basic, uniq_terence
D:3:      layout_loops_cross, goddamned_bats
D:4:      wad_woods_tower, layout_gridville, nicolae_ossuary_entry_catacombs,
          ebering_ghost_disaster_area, corexii_shack
D:5:      layout_basic, nzn_hepliaklqana_mist_gate,
          minmay_temple_entry_large_hall, biasface_ghost_orc_armoury,
          serial_park_tiny_1, nicolae_letterblocks [nicolae_letter_subblock,
          nicolae_letter_subblock, nicolae_letter_subblock,
          nicolae_letter_subblock, nicolae_letter_subblock,
          nicolae_letter_subblock, nicolae_letter_subblock,
          nicolae_letter_subblock, nicolae_letter_subblock,
          nicolae_letter_subblock, nicolae_letter_subblock,
          nicolae_letter_subblock, nicolae_letter_subblock,
          nicolae_letter_subblock, nicolae_letter_subblock,
          nicolae_letter_subblock, nicolae_letter_subblock,
          nicolae_letter_subblock, nicolae_letter_subblock,
          nicolae_letter_subblock, nicolae_letter_subblock,
          nicolae_letter_subblock, nicolae_letter_subblock,
          nicolae_letter_subblock, nicolae_letter_subblock]
D:6:      layout_basic, nicolae_overflow_squiral, overflow_temple_1_default,
          grunt_ministairs_13, dreamdust_gnoll_farm, uniq_blork_the_orc
D:7:      kb_forest_paths, layout_basic, nicolae_sextant, minivault_24
D:8:      layout_basic, erik_lair_island, serial_bayou_crossing, uniq_maggie
D:9:      minmay_blocky_corners, layout_layer_cave,
          kennysheep_orc_monster_closet_entryway
D:10:     layout_cave_pods, serial_shops, nicolae_shop_bloodbath_and_beyond,
          shop, shop, shop, shop, hellmonk_ghost_happy_afterlife, uniq_snorg
D:11:     minmay_the_grid_square_5x5_3x3 [minmay_the_grid_square_5x5_shrine2,
          minmay_the_grid_square_5x5_bridge, minmay_the_grid_square_5x5_minimal,
          minmay_the_grid_square_5x5_longway,
          minmay_the_grid_square_5x5_megaprize_diamond,
          minmay_the_grid_square_5x5_half_checkered,
          minmay_the_grid_square_5x5_doubleslash,
          minmay_the_grid_square_5x5_inner_i,
          minmay_the_grid_square_5x5_hourglass], layout_irregular_city
D:12:     cheibrodos_ideogram_h, layout_cave_pools
D:13:     layout_roguey, enter_trove_3
D:14:     layout_gridville, lightli_vaults_fourway_checkpoint,
          chequers_serial_rivers_small_a
D:15:     grunt_enter_depths_magical_seal, layout_irregular_city,
          grunt_decor_clamped, nicolae_sif_muna_condensation
Temple:   eino_narrow_crystal_temple
Lair:1:   layout_layer_cave, basic_altar, grunt_megastairs_4
Lair:2:   layout_regular_city, minmay_shoals_entry_centaurs, uniq_harold
Lair:3:   nzn_winding_woodlands_stair_cross [nzn_winding_woodlands_5x15_cabin,
          nzn_winding_woodlands_center_diamonds,
          nzn_winding_woodlands_5x15_pool, nzn_winding_woodlands_5x5_cross,
          nzn_winding_woodlands_5x5_closed_star,
          nzn_winding_woodlands_5x15_crooked,
          nzn_winding_woodlands_center_garden,
          nzn_winding_woodlands_5x15_garden], layout_layer_cave,
          hellmonk_spider_entry_life_and_decay, infiniplex_staircase_pool
Lair:4:   layout_gridlike, slime_entry_2, chequers_serial_rivers_marsh,
          uniq_urug
Lair:5:   minmay_lair_end_enchanted_forest, layout_regular_city, serial_forest,
          infiniplex_forest_lined_3_way, infiniplex_forest_straight_2,
          infiniplex_forest_straight_2, infiniplex_forest_clump_medium,
          infiniplex_forest_lined_room_3, infiniplex_forest_clump_curved,
          infiniplex_forest_lined_2, chequers_serial_rivers_marsh,
          chequers_serial_rivers_large_a
Shoals:1: layout_shoals, uniq_aizul
Shoals:2: layout_shoals, serial_shops, shop
Shoals:3: layout_shoals, nicolae_shoals_seven_spires
Shoals:4: shoals_end_hangedman, layout_shoals, lemuel_altar_in_water,
          uniq_louise, uniq_mara
Spider:1: layout_spider_delve
Spider:2: layout_spider_delve, uniq_frances
Spider:3: layout_spider_delve, gammafunk_ghost_necromancy
Spider:4: grunt_spider_rune_island
Orc:1:    layout_diamond_mine, basic_altar, regret_index_minedec_devilstone,
          nicolae_shop_self_help
Orc:2:    pf_orc_diabolical, layout_diamond_mine

Skill      XL: |  1  2  3  4  5  6  7  8  9 10 11 12 13 14 15 16 17 18 |
---------------+-------------------------------------------------------+-----
Hexes          | 4 5 6 7 8 10 12 13 14 | 14.4
Ranged Weapons | 4 5 7 9 11 13 15 16 17 18 | 18.0
Fighting       | 1 2 3 4 5 6 8 10 12 14 15 | 15.1
Dodging        | 3 4 5 6 7 9 11 12 13 14 15 | 15.7
Fire Magic     | 1 |  1.0
Evocations     | 2 5 6 8 10 | 10.0
Spellcasting   | 2 3 4 6 7 8 |  8.8
Stealth        | 1 2 3 4 5 6 |  6.9
Translocations | 1 5 6 8 |  8.0
Alchemy        | 3 5 |  5.0
Shields        | 2 5 6 |  6.0

Action                     |  1- 3 |  4- 6 |  7- 9 | 10-12 | 13-15 | 16-18 || total
---------------------------+-------+-------+-------+-------+-------+-------++-------
  Melee: Hand cannon       |       |       |       |       |       |     4 ||     4
   Fire: Sling             |    99 |   142 |   513 |       |       |       ||   754
         Orcbow            |       |       |   153 |  1028 |   412 |       ||  1593
         Shortbow          |       |       |       |       |  1473 |       ||  1473
         Arbalest          |       |       |       |       |    45 |    18 ||    63
         Hand cannon       |       |       |       |       |       |  1214 ||  1214
   Cast: Jinxbite          |     2 |     4 |    19 |    30 |    42 |    12 ||   109
         Inner Flame       |       |       |     2 |     9 |    25 |    11 ||    47
         Cause Fear        |       |       |       |     1 |     7 |     7 ||    15
         Dimensional Bulls |       |       |       |       |     9 |    51 ||    60
         Yara's Violent Un |       |       |       |       |       |     5 ||     5
 Invoke: Call Merchant     |       |       |       |       |       |     6 ||     6
  Evoke: Wand              |       |       |       |       |     2 |       ||     2
         Tin of tremorston |       |       |       |       |     1 |     3 ||     4
         Lightning rod     |       |       |       |       |       |     3 ||     3
         Box of beasts     |       |       |       |       |       |     1 ||     1
    Use: Scroll            |       |       |    10 |     2 |     7 |    14 ||    33
         Potion            |       |       |     1 |       |       |     5 ||     6
 Armour: Robe              |     8 |    52 |    94 |       |       |   328 ||   482
         Steam dragon scal |       |       |       |   122 |   208 |    19 ||   349
  Dodge: Dodged            |    46 |   149 |   350 |   386 |   691 |  1300 ||  2922
  Block: Buckler           |       |       |       |       |       |   534 ||   534
         Reflection        |       |       |       |       |       |     1 ||     1
